 Dungeon Crawl Stone Soup version 0.21.1-1-g345015f (webtiles) character file.

47689 JeffiDaFish the Geomancer (level 14, -12/80 HPs)
             Began as a Gargoyle Earth Elementalist on Feb 15, 2018.
             Was a High Priest of Vehumet.
             Shot with a bolt by a yaktaur captain (28 damage)
             ... on level 13 of the Dungeon.
             The game lasted 01:16:21 (22214 turns).

JeffiDaFish the Geomancer (GrEE)                   Turns: 22214, Time: 01:16:22

Health: -12/80     AC: 19    Str: 14    XL:     14   Next: 43%
Magic:  12/29      EV: 16    Int: 26    God:    Vehumet [*****.]
Gold:   788        SH:  4    Dex: 10    Spells: 6/36 levels left

rFire    + + .     SeeInvis .   v - +6 whip (elec)
rCold    . . .     Gourm    .   k - +0 buckler
rNeg     + + +     Faith    .   K - +1 robe {MR+}
rPois    ∞         Spirit   .   t - +1 helmet
rElec    +         Reflect  .   J - +2 cloak "Qoash" {rF+ rN++ Str+2}
rCorr    .         Harm     .   l - +0 pair of gloves
MR       +++..                  (no boots)
Stlth    +.........             c - amulet "Fopaacang" {RegenMP Int+5 Stlth-}
HPRegen  0.23/turn              D - ring of protection from magic
MPRegen  0.46/turn              B - ring of protection from fire

@: no status effects
A: big wings, negative energy resistance 1, electricity resistance, unbreathing,
petrification resistance, rot immunity, AC +10
a: Fly, Renounce Religion


You were on level 13 of the Dungeon.
You worshipped Vehumet.
Vehumet was extremely pleased with you.
You were not hungry.

You visited 3 branches of the dungeon, and saw 20 of its levels.
You also visited: Sewer.

You collected 1274 gold pieces.
You spent 486 gold pieces at shops.

Inventory:

Hand Weapons
 v - a +6 whip of electrocution (weapon)
 G - the +5 scythe "Finisher" {speed, Str+3}
   (You found it on level 9 of the Dungeon)

   Attacks with this weapon are significantly faster.
   It affects your strength (+3).
Missiles
 b - 283 stones (quivered)
Armour
 k - a +0 buckler (worn)
 l - a +0 pair of gloves (worn)
 t - a +1 helmet (worn)
 u - the +5 ring mail "Imygapp" {MR+}
   (You found it on level 4 of the Dungeon)

   It affects your resistance to hostile enchantments.
 J - the +2 cloak "Qoash" (worn) {rF+ rN++ Str+2}
   (You acquired it on level 5 of the Lair of Beasts)

   It affects your strength (+2).
   It protects you from fire.
   It greatly protects you from negative energy.
 K - a +1 robe of magic resistance (worn)
Jewellery
 c - the amulet "Fopaacang" (around neck) {RegenMP Int+5 Stlth-}
   (You found it on level 2 of the Lair of Beasts)

   [amulet of magic regeneration]

   It increases your magic regeneration.
   It affects your intelligence (+5).
   It makes you less stealthy.
 B - a ring of protection from fire (right hand)
 D - a ring of protection from magic (left hand)
Wands
 n - a wand of acid (7)
 A - a wand of disintegration (20)
Scrolls
 f - 2 scrolls of identify
 g - a scroll of summoning
 i - 6 scrolls of remove curse
 o - 10 scrolls of teleportation
 x - 3 scrolls of fear
 z - 2 scrolls of amnesia
 I - 2 scrolls of magic mapping
Potions
 h - 5 potions of might
 j - 2 potions of invisibility
 p - 10 potions of curing
 q - 5 potions of magic
 r - 6 potions of heal wounds
 s - 4 potions of haste
 w - 8 potions of agility
 F - 2 potions of brilliance
 L - a potion of resistance
Books
 a - a book of Flames

   Spells                             Type                      Level
   a - Flame Tongue                   Conjuration/Fire             1
   b - Throw Flame                    Conjuration/Fire             2
   c - Conjure Flame                  Conjuration/Fire             3
   d - Inner Flame                    Hexes/Fire                   3
   e - Sticky Flame                   Conjuration/Fire             4
   f - Fireball                       Conjuration/Fire             5
 e - a book of Geomancy

   Spells                             Type                      Level
   a - Sandblast                      Earth                        1
   b - Passwall                       Transmutation/Earth          2
   c - Stone Arrow                    Conjuration/Earth            3
   d - Petrify                        Transmutation/Earth          4
   e - Lee's Rapid Deconstruction     Earth                        5
 m - a Young Poisoner's Handbook

   Spells                             Type                      Level
   a - Sting                          Conjuration/Poison           1
   b - Poisonous Vapours              Poison/Air                   2
   c - Mephitic Cloud                 Conjuration/Poison/Air       3
   d - Olgreb's Toxic Radiance        Poison                       4
   e - Venom Bolt                     Conjuration/Poison           5
Comestibles
 d - 32 rations
 C - 3 chunks of flesh


   Skills:
 - Level 6.0 Fighting
 - Level 5.3 Maces & Flails
 + Level 8.8 Dodging
 - Level 2.3 Stealth
 - Level 4.1 Shields
 + Level 11.5 Spellcasting
 + Level 9.3 Conjurations
 + Level 2.9 Hexes
 - Level 2.6 Translocations
   Level 0.7 Transmutations
 + Level 3.2 Fire Magic
 + Level 14.2 Earth Magic
 + Level 6.3 Poison Magic


You had 6 spell levels left.
You knew the following spells:

 Your Spells              Type           Power        Failure   Level  Hunger
a - Sandblast             Erth           ######       0%          1    None
b - Stone Arrow           Conj/Erth      ######       1%          3    None
c - Lee's Rapid Deconstr  Erth           ######....   1%          5    ###....
d - Olgreb's Toxic Radia  Pois           #####...     1%          4    None
e - Mephitic Cloud        Conj/Pois/Air  #####...     1%          3    None
f - Blink                 Tloc           N/A          1%          2    None
g - Inner Flame           Hex/Fire       ####....     1%          3    None
h - Sticky Flame          Conj/Fire      #####...     1%          4    None
i - Bolt of Magma         Conj/Fire/Erth ######....   1%          5    ###....


Dungeon Overview and Level Annotations

Branches:
Dungeon (13/15)            Temple (1/1) D:6            Lair (6/6) D:11
 Shoals (0/4) Lair:3       Spider (0/4) Lair:2        Slime (0/5) Lair:6
    Orc (0/2) D:11
 Vaults: D:13-14

Altars:
Ashenzari
Cheibriados
Dithmenos
Elyvilon
Fedhas
Gozag
Hepliaklqana
Kikubaaqudgha
Makhleb
Nemelex Xobeh
Qazlal
Ru
Sif Muna
Trog
Uskayaw
Vehumet
Wu Jian
Xom
Yredelemnul
Zin
The Shining One

Shops:
D:4 !   D:12 !

Annotations:
D:9 exclusion: oklob plant
Lair:5 exclusion: 2 oklob plants


Innate Abilities, Weirdness & Mutations

You are resistant to torment.
Your stone body is resilient. (AC +10)
You are immune to poison.
Your large and strong wings let you fly indefinitely.
You resist negative energy. (rN+)
You are resistant to electric shocks. (rElec)
You can survive without breathing.
You are immune to petrification.
You are immune to rotting.


Message History

You can't see any susceptible monsters within range! (Use Z to cast anyway.)
A yaktaur captain comes into view.
The yaktaur captain wields an arbalest.
The yaktaur captain shoots a bolt.
You block the bolt.
Found a pair of gloves.
You see here a bolt.
The yaktaur captain shoots a bolt.
The bolt hits you!!
* * * LOW HITPOINT WARNING * * *
You see here a bolt.
Casting: Stone Arrow
Confirm with . or Enter, or press ? or * to list all spells.
Aiming: Lee's Rapid Deconstruction
Press: ? - help, Dir - move target cursor The wall shatters!
The blast of rock fragments hits the yaktaur captain.
The yaktaur captain is heavily wounded.
As you read the scroll of fog, it crumbles to dust.
The scroll dissolves into smoke.
The yaktaur captain shoots a bolt.
The bolt hits you!!
You die...

#.....# #
#.....#####
#### #
#.....[....
+...
#.#..(..#####
#... #.###(#.#
#... #....(#.#
##.. #..§.(#.#
#.. ###...§§#?#
#.. .....§§@§.#
#..
......§§§......
#..
.....§§.)§.....
.#.#.#.....##[.
............# .
.#.###........
... ......c###
.# .....#..


You could see a yaktaur captain.

Vanquished Creatures
  The ghost of nramsey34 the Thaumaturge, a journeyman GnSk of Okawaru (Lair:6)
  Josephine (Lair:5)
  Fannar (D:11)
  5 hydras
  3 death yaks (Lair:5)
  3 two-headed ogres
  Sonja (D:10)
  2 ugly things (D:11)
  A manticore (Lair:3)
  Maurice (D:9)
  5 elephants (Lair:3)
  Joseph (D:7)
  12 spiny frogs
  2 black mambas
  2 yaktaurs (D:13)
  A rime drake (Lair:2)
  A kobold demonologist (D:13)
  5 komodo dragons
  3 hornets (Lair:6)
  Prince Ribbit (Lair:1)
  4 trolls
  5 polar bears
  11 hippogriffs
  18 blink frogs
  6 dream sheep
  2 redbacks (Lair:2)
  A vampire (D:10)
  14 spriggans (Lair:6)
  A basilisk (Lair:6)
  2 wyverns
  Grum (D:9)
  7 wraiths
  16 yaks
  3 vampire mosquitoes (D:12)
  2 hungry ghosts
  Menkaure (D:7)
  A soldier ant (D:10)
  9 water moccasins
  12 porcupines
  5 orc warriors
  2 sky beasts (D:7)
  2 eyes of draining (D:8)
  7 black bears
  4 ice beasts
  9 ogres
  4 boggarts (Lair:6)
  10 crocodiles
  16 wolves
  4 centaurs
  6 big kobolds
  14 bullfrogs
  A wyvern zombie (D:13)
  A scorpion (D:7)
  8 killer bees
  5 wights (D:9)
  6 howler monkeys
  2 bullfrog zombies
  A centaur zombie (D:7)
  4 crimson imps
  A quasit (D:11)
  7 hounds
  5 orc priests
  A jelly (D:11)
  3 centaur skeletons
  2 iguanas
  14 orc wizards
  15 worker ants
  2 hound zombies
  A howler monkey zombie (D:7)
  2 worker ant zombies
  2 howler monkey skeletons
  9 gnolls
  19 adders
  9 river rats
  4 shadow imps
  5 oozes
  2 adder skeletons
  3 worms (Sewer)
  A dart slug (D:2)
  7 leopard geckos
  73 orcs
  5 ball pythons
  6 giant cockroaches
  8 goblins
  5 hobgoblins
  12 jackals
  6 quokkas
  8 bats
  7 frilled lizards
  14 kobolds
  16 rats
  3 fungi
  4 plants
560 creatures vanquished.

Vanquished Creatures (others)
  5 dream sheep (D:10)
  50 fungi
  45 plants
  17 toadstools
117 creatures vanquished.

Grand Total: 677 creatures vanquished

Notes
Turn   | Place    | Note
-------+----------+-------------------------------------------
     0 | D:1      | JeffiDaFish the Gargoyle Earth Elementalist began the quest for the Orb.
     0 | D:1      | Reached XP level 1. HP: 10/10 MP: 3/3
   255 | D:1      | Reached XP level 2. HP: 8/15 MP: 1/5
   256 | D:1      | Reached skill level 4 in Earth Magic
   826 | D:1      | Reached XP level 3. HP: 19/19 MP: 6/6
   831 | D:1      | Learned a level 3 spell: Stone Arrow
   986 | D:1      | Found a shattered altar of Ashenzari.
  1801 | D:2      | Reached XP level 4. HP: 19/24 MP: 8/8
  1972 | D:2      | Reached skill level 5 in Earth Magic
  2356 | D:3      | Found a glowing golden altar of the Shining One.
  2434 | D:3      | Reached XP level 5. HP: 12/28 MP: 5/10
  2721 | D:3      | Found a glowing silver altar of Zin.
  2726 | D:3      | Noticed an angel
  2728 | D:3      | Found a shimmering altar of Xom.
  2767 | D:3      | Found a hazy altar of Hepliaklqana.
  2769 | D:3      | Found a hide-covered altar of Uskayaw.
  3202 | D:4      | Found Sehiviq's Distillery.
  3243 | D:4      | Bought a potion of curing for 33 gold pieces
  3243 | D:4      | Bought a potion of curing for 33 gold pieces
  3296 | D:4      | Reached skill level 6 in Earth Magic
  3307 | D:4      | Found a glowing drain.
  3311 | Sewer    | Entered a sewer
  3394 | Sewer    | Reached XP level 6. HP: 32/32 MP: 8/12
  3675 | Sewer    | Reached skill level 7 in Earth Magic
  3675 | Sewer    | Reached XP level 7. HP: 31/36 MP: 5/14
  3755 | Sewer    | Reached skill level 5 in Spellcasting
  4046 | D:4      | Learned a level 5 spell: Lee's Rapid Deconstruction
  4186 | D:4      | Reached skill level 1 in Shields
  4238 | D:4      | Reached skill level 8 in Earth Magic
  4697 | D:4      | Identified the +5 ring mail "Imygapp" {MR+} (You found it on level 4 of the Dungeon)
  4715 | D:5      | Entered Level 5 of the Dungeon
  4717 | D:5      | Reached XP level 8. HP: 41/41 MP: 13/16
  4952 | D:5      | Found a white marble altar of Elyvilon.
  4986 | D:5      | Found an ornate altar of the Wu Jian Council.
  5073 | D:5      | Found a white marble altar of Elyvilon.
  5523 | D:6      | Found a bloodstained altar of Trog.
  5633 | D:6      | Reached skill level 1 in Fighting
  5722 | D:6      | Found a staircase to the Ecumenical Temple.
  5726 | Temple   | Entered the Ecumenical Temple
  5747 | Temple   | Became a worshipper of Vehumet
  5867 | D:6      | Found a sacrificial altar of Ru.
  6066 | D:6      | Identified the +1 leather armour "Asch" {-Cast Int+4 Dex+3} (You took it off a gnoll on level 6 of the Dungeon)
  6321 | D:7      | Found a white marble altar of Elyvilon.
  6327 | D:7      | Reached skill level 9 in Earth Magic
  6418 | D:7      | Found a burning altar of Makhleb.
  6418 | D:7      | Noticed a balrug
  6428 | D:7      | Reached XP level 9. HP: 49/49 MP: 11/18
  6764 | D:7      | Reached * piety under Vehumet
  6764 | D:7      | Offered knowledge of Freeze by Vehumet.
  6817 | D:7      | Noticed Joseph
  7061 | D:7      | Noticed Menkaure
  7064 | D:7      | Killed Menkaure
  7519 | D:7      | Killed Joseph
  7756 | D:8      | Reached skill level 10 in Earth Magic
  8086 | D:8      | Noticed a two-headed ogre
  8096 | D:8      | Killed a two-headed ogre
  8096 | D:8      | Reached skill level 5 in Fighting
  8096 | D:8      | Reached XP level 10. HP: 59/59 MP: 12/21
  8214 | D:8      | Reached ** piety under Vehumet
  8397 | D:8      | Found a glowing silver altar of Zin.
  8409 | D:8      | Offered knowledge of Throw Flame by Vehumet.
  8805 | D:9      | Noticed Maurice
  8812 | D:9      | Killed Maurice
  8812 | D:9      | Reached skill level 5 in Dodging
  8812 | D:9      | Reached skill level 1 in Conjurations
  8826 | D:9      | Identified the +1 ring mail of Proximity {rElec rF++ rC-} (You found it on level 9 of the Dungeon)
  8857 | D:9      | Found an opulent altar of Gozag.
  8901 | D:9      | Reached skill level 11 in Earth Magic
  9135 | D:9      | Offered knowledge of Conjure Flame by Vehumet.
  9286 | D:9      | Noticed Grum
  9293 | D:9      | Reached *** piety under Vehumet
  9296 | D:9      | Killed Grum
  9527 | D:9      | Reached XP level 11. HP: 64/64 MP: 13/23
  9612 | D:9      | Found the +5 scythe "Finisher" {speed, Str+3}
  9849 | D:9      | Found a sparkling altar of Nemelex Xobeh.
  9866 | D:9      | Found a blossoming altar of Fedhas.
  9879 | D:9      | Noticed an oklob plant
 10353 | D:10     | Entered Level 10 of the Dungeon
 10418 | D:10     | Noticed Sonja
 10419 | D:10     | Killed Sonja
 10656 | D:10     | Offered knowledge of Olgreb's Toxic Radiance by Vehumet.
 10716 | D:10     | Learned a level 4 spell: Olgreb's Toxic Radiance
 10802 | D:10     | Noticed a two-headed ogre
 10807 | D:10     | Killed a two-headed ogre
 10807 | D:10     | Reached skill level 1 in Maces & Flails
 10989 | D:10     | Noticed a two-headed ogre
 10993 | D:10     | Killed a two-headed ogre
 11119 | D:10     | Found a shimmering altar of Xom.
 11143 | D:10     | Reached skill level 12 in Earth Magic
 11261 | D:10     | Reached skill level 5 in Conjurations
 11514 | D:11     | Noticed a green ugly thing
 11521 | D:11     | Killed a green ugly thing
 11526 | D:11     | Noticed a brown ugly thing
 11558 | D:11     | Killed a brown ugly thing
 11691 | D:11     | Noticed Fannar
 11708 | D:11     | Killed Fannar
 11708 | D:11     | Reached **** piety under Vehumet
 11884 | D:11     | Offered knowledge of Dazzling Spray by Vehumet.
 11915 | D:11     | Reached XP level 12. HP: 62/70 MP: 4/25
 11947 | D:11     | Reached skill level 10 in Spellcasting
 12360 | D:11     | Found a staircase to the Orcish Mines.
 12417 | D:11     | Found a staircase to the Lair.
 12597 | Lair:1   | Entered Level 1 of the Lair of Beasts
 13012 | Lair:1   | Reached skill level 1 in Poison Magic
 13020 | Lair:1   | Learned a level 3 spell: Mephitic Cloud
 13215 | Lair:1   | Noticed Prince Ribbit
 13235 | Lair:1   | Killed Prince Ribbit
 13432 | Lair:1   | Reached ***** piety under Vehumet
 13647 | Lair:1   | Learned a level 2 spell: Blink
 13698 | Lair:1   | Offered knowledge of Fulminant Prism by Vehumet.
 14057 | Lair:2   | Found a stormy altar of Qazlal.
 14420 | Lair:2   | Found a hole to the Spider Nest.
 14782 | Lair:2   | Got a flickering crystal amulet
 14783 | Lair:2   | Identified the amulet "Fopaacang" {RegenMP Int+5 Stlth-} (You found it on level 2 of the Lair of Beasts)
 15084 | Lair:3   | Reached skill level 13 in Earth Magic
 15262 | Lair:3   | Reached skill level 5 in Maces & Flails
 15262 | Lair:3   | Reached XP level 13. HP: 47/74 MP: 9/27
 15580 | Lair:3   | Identified the cursed +1 flail "Earthworm" {crush, +Blink rN+} (You found it on level 3 of the Lair of Beasts)
 15636 | Lair:3   | Found a staircase to the Shoals.
 16536 | Lair:4   | Learned a level 3 spell: Inner Flame
 16541 | Lair:4   | Learned a level 4 spell: Sticky Flame
 16675 | Lair:4   | Reached skill level 1 in Translocations
 17360 | Lair:5   | Identified a scroll of acquirement
 17361 | Lair:5   | Got an ancient cloak
 17372 | Lair:5   | Identified the +2 cloak "Qoash" {rF+ rN++ Str+2} (You acquired it on level 5 of the Lair of Beasts)
 17982 | Lair:5   | Noticed Josephine
 17988 | Lair:5   | Killed Josephine
 18854 | Lair:5   | Reached skill level 5 in Poison Magic
 18970 | Lair:6   | Entered Level 6 of the Lair of Beasts
 19072 | Lair:6   | Found a staircase to the Slime Pits.
 19248 | Lair:6   | Reached skill level 1 in Fire Magic
 19339 | Lair:6   | Reached skill level 1 in Hexes
 19340 | Lair:6   | Noticed nramsey34's ghost (journeyman GnSk)
 19391 | Lair:6   | Killed nramsey34's ghost
 19606 | Lair:6   | Gained mutation: Your large and strong wings let you fly indefinitely. [Gargoyle growth]
 19606 | Lair:6   | Reached XP level 14. HP: 80/80 MP: 8/29
 19686 | Lair:6   | Offered knowledge of Bolt of Magma by Vehumet.
 19699 | Lair:6   | Learned a level 5 spell: Bolt of Magma
 19742 | Lair:6   | Reached skill level 14 in Earth Magic
 21280 | D:12     | Found Yliog's Distillery.
 21336 | D:12     | Bought a potion of heal wounds for 60 gold pieces
 21336 | D:12     | Bought a potion of heal wounds for 60 gold pieces
 21336 | D:12     | Bought 2 potions of haste for 240 gold pieces
 21336 | D:12     | Bought a potion of heal wounds for 60 gold pieces
 22214 | D:13     | Shot with a bolt by a yaktaur captain

Skill      XL: |  1  2  3  4  5  6  7  8  9 10 11 12 13 14 |
---------------+-------------------------------------------+-----
Earth Magic    | 4 5 6 7 8 9 10 11 12 13 14 | 14.2
Spellcasting   | 3 4 5 6 7 8 9 10 11 | 11.5
Shields        | 2 4 |  4.1
Fighting       | 2 5 6 |  6.0
Dodging        | 2 4 5 6 7 8 |  8.8
Conjurations   | 3 5 7 8 9 |  9.3
Maces & Flails | 2 5 |  5.3
Poison Magic   | 3 5 6 |  6.3
Translocations | 2 |  2.6
Fire Magic     | 1 3 |  3.2
Hexes          | 1 2 |  2.9
Stealth        | |  2.3
Transmutations | |  0.7

Action                   |  1- 3 |  4- 6 |  7- 9 | 10-12 | 13-15 || total
-------------------------+-------+-------+-------+-------+-------++-------
Melee: Unarmed           |     8 |       |       |       |       ||     8
       Dagger            |    82 |    19 |       |       |       ||   101
       Short sword       |       |   184 |     3 |       |       ||   187
       Whip              |       |       |   202 |   259 |   138 ||   599
 Cast: Sandblast         |    31 |    48 |   112 |   159 |    49 ||   399
       Stone Arrow       |     1 |     3 |    23 |   126 |   175 ||   328
       Lee's Rapid Decon |       |       |    10 |    47 |    36 ||    93
       Mephitic Cloud    |       |       |       |     9 |    20 ||    29
       Olgreb's Toxic Ra |       |       |       |     4 |     4 ||     8
       Inner Flame       |       |       |       |       |    14 ||    14
       Blink             |       |       |       |       |     1 ||     1
 Abil: Evoke Flight      |       |       |     2 |       |       ||     2
Evoke: Wand              |       |       |       |     2 |       ||     2
       Phantom mirror    |       |       |       |       |     1 ||     1
  Use: Potion            |     3 |     2 |     4 |       |     4 ||    13
       Scroll            |     4 |     3 |     5 |    12 |     9 ||    33
 Stab: Sleeping          |     3 |     4 |     2 |     1 |       ||    10
       Confused          |       |       |       |     1 |     2 ||     3
  Eat: Chunk             |     3 |     7 |    17 |    27 |    21 ||    75
       Ration            |       |       |       |     2 |     1 ||     3
Armor: Robe              |    39 |   103 |   114 |   136 |    80 ||   472
Dodge: Dodged            |    78 |   157 |   124 |   244 |   126 ||   729
Block: Buckler           |       |       |    31 |    74 |    40 ||   145
